 Dungeon Crawl Stone Soup version 0.24-a0-447-ge8da9206dc (webtiles) character file.

Game seed: 13540228681039664591

11 theanonym the Vexing (level 2, -1/19 HPs)
             Began as a Mummy Enchanter on June 25, 2019.
             Slain by a hobgoblin
             ... wielding a +0 club
              (6 damage)
             ... on level 1 of the Dungeon.
             The game lasted 00:00:25 (229 turns).

theanonym the Vexing (Mummy Enchanter)               Turns: 229, Time: 00:00:25

Health: -1/19      AC:  2    Str: 11    XL:     2   Next: 13%
Magic:  5/5        EV: 12    Int: 14    God:
Gold:   27         SH:  0    Dex: 12    Spells: 5/6 levels left

rFire    x . .     SeeInvis .   a - +1 dagger
rCold    + . .     Gourm    .   (no shield)
rNeg     + + +     Faith    .   b - +0 robe
rPois    ∞         Spirit   .   (no helmet)
rElec    .         Reflect  .   (no cloak)
rCorr    .         Harm     .   (no gloves)
MR       .....                  (no boots)
Stlth    ++........             (no amulet)
HPRegen  0.06/turn              (no ring)
MPRegen  0.09/turn              (no ring)

@: no status effects
A: no food or potions, fire vulnerability, cold resistance 1, negative energy
resistance 3, torment resistance, unbreathing
a: no special abilities


Innate Abilities, Weirdness & Mutations

You do not eat or drink.
Your flesh is vulnerable to fire.
You are immune to poison.
Your flesh is cold resistant. (rC+)
You are immune to negative energy. (rN+++)
You are immune to unholy pain and torment.
You can survive without breathing.


   Skills:
 + Level 1.8 Short Blades
 - Level 1.5 Dodging
 - Level 2.4 Stealth
 - Level 2.6 Spellcasting
 - Level 2.6 Hexes


You had 5 spell levels left.
You knew the following spells:

 Your Spells              Type           Power        Failure   Level  Hunger
a - Corona                Hex            #......      8%          1    N/A

Your spell library contained the following spells:

 Spells                   Type           Power        Failure   Level  Hunger
 Ensorcelled Hibernation  Hex/Ice        #.....       19%         2    N/A
 Confuse                  Hex            #.......     22%         3    N/A
 Tukima's Dance           Hex            #.......     22%         3    N/A
 Dazzling Spray           Conj/Hex       #.....       36%         3    N/A

Skill      XL: |  1 |
---------------+----+-----
Short Blades   | 1 |  1.8
Dodging        | |  1.5
Stealth        | |  2.4
Spellcasting   | |  2.6
Hexes          | |  2.6

Action                   || total
-------------------------++-------
Melee: Dagger            ||    44
Armor: Robe              ||     5
Dodge: Dodged            ||    31

Inventory:

Hand Weapons
 a - a +1 dagger (weapon)
Armour
 b - a +0 robe (worn)


You were on level 1 of the Dungeon.
You were not hungry.

You visited 1 branch of the dungeon, and saw 1 of its levels.

You collected 27 gold pieces.

Dungeon Overview and Level Annotations

Branches:
Dungeon (1/15)

Altars:

#.....#........
#.....##.......
#.....##.....#'
#.....##.....#. ###
#.....w......## #^#
##....).......##
######....g..........
#...##.####..........
#.>.@gw# #...##.....
#...#### #...##.....
###.### ########†....
#V#.#M# #............
#####.###
#............
#a#...#f#
#............
###.#####
#............ #9#.#N#
#........##.. ###.###
#.)..........


You could see a formicid, a vampire, a dart slug and a hobgoblin.

Notes
Turn   | Place    | Note
-------+----------+-------------------------------------------
     0 | D:1      | theanonym the Mummy Enchanter began the quest for the Orb.
     0 | D:1      | Reached XP level 1. HP: 13/13 MP: 4/4
     0 | D:1      | Noticed a ghoul
     0 | D:1      | Noticed an elf
     5 | D:1      | Noticed a centaur
     6 | D:1      | Noticed a vine stalker
     7 | D:1      | Noticed a minotaur
     8 | D:1      | Noticed a naga
    10 | D:1      | Noticed a human
    12 | D:1      | Noticed an ogre
    12 | D:1      | Noticed a human
    14 | D:1      | Noticed a vampire
    16 | D:1      | Noticed a vine stalker
    16 | D:1      | Noticed a gargoyle
    16 | D:1      | Noticed a naga
    18 | D:1      | Noticed a formicid
    42 | D:1      | Reached skill level 1 in Short Blades
   166 | D:1      | Reached XP level 2. HP: 18/19 MP: 5/5
   227 | D:1      | HP: 5/19 [hobgoblin/+0 club (7)]
   229 | D:1      | Slain by a hobgoblin

Vanquished Creatures
  A giant cockroach (D:1)
  A goblin (D:1)
  2 hobgoblins (D:1)
  3 bats (D:1)
  3 kobolds (D:1)
10 creatures vanquished.

Table legend:
 A = Turns spent in this place as a percentage of turns spent in the entire game.
 B = Non-inter-level travel turns spent in this place as a percentage of non-inter-level travel turns spent in the entire game.
 C = Inter-level travel turns spent in this place as a percentage of turns spent in this place.
 D = Turns resting spent in this place as a percentage of non-inter-level travel turns spent in this place.
 E = Turns spent auto-exploring this place as a percentage of non-inter-level travel turns spent in this place.
 F = Non-inter-level travel turns spent in this place divided by the number of levels of this place that you've seen.
                   A       B       C       D       E      F
               +-------+-------+-------+-------+-------+----------------------
         Total | 100.0 | 100.0 |   0.0 |  18.8 |  39.7 | 229.0
       Dungeon | 100.0 | 100.0 |   0.0 |  18.8 |  39.7 | 229.0
               +-------+-------+-------+-------+-------+----------------------
